 Dungeon Crawl Stone Soup version 0.17.0-7-gfadd4cc (console) character file.

165 gw the Shield-Bearer (level 5, 46/46 HPs)
             Began as a Minotaur Fighter on Nov 8, 2015.
             Was an Initiate of the Shining One.
             Quit the game on level 3 of the Dungeon.
             The game lasted 00:06:59 (2149 turns).

gw the Shield-Bearer (Minotaur Fighter)             Turns: 2149, Time: 00:06:59

Health: 46/46      AC:  5    Str: 21    XL:     5   Next: 22%
Magic:  4/4        EV:  8    Int:  5    God:    the Shining One [......]
Gold:   134        SH:  9    Dex: 10    Spells: 0 memorised, 4 levels left

rFire  . . .     SeeInvis .     a - +0 flail
rCold  . . .     Clarity  .     f - -2 ring mail (curse)
rNeg   . . .     SustAt   .     c - +0 shield
rPois  .         Gourm    .     (helmet restricted)
rElec  .         Spirit   .     i - +0 cloak
rCorr  .         Warding  .     (no gloves)
rMut   .         Stasis   .     (no boots)
MR     .....                    (no amulet)
Stlth  ..........               (no ring)
                                (no ring)

@: not resistant to hostile enchantments, extremely unstealthy
A: retaliatory headbutt, horns 2
a: Renounce Religion


You were on level 3 of the Dungeon.
You worshipped the Shining One.
The Shining One was noncommittal.
You were not hungry.

You visited 1 branch of the dungeon, and saw 3 of its levels.

You collected 134 gold pieces.

Inventory:

Hand Weapons
 a - a +0 flail (weapon)
Missiles
 g - 56 stones
 h - 36 poisoned needles
 j - a javelin of penetration (quivered)
Armour
 b - a +0 scale mail
 c - a +0 shield (worn)
 f - a cursed -2 ring mail (worn)
 i - a +0 cloak (worn)
 k - a +0 ring mail
Potions
 d - a potion of might
Comestibles
 e - 3 bread rations


   Skills:
 + Level 4.2 Fighting
 * Level 4.4 Maces & Flails
 + Level 1.5 Throwing
 + Level 4.2 Armour
 + Level 4.6 Shields
 + Level 0.4 Invocations


You had 4 spell levels left.
You didn't know any spells.

Dungeon Overview and Level Annotations

Branches:
Dungeon (3/15)

Altars:
Yredelemnul
The Shining One


Innate Abilities, Weirdness & Mutations

You reflexively headbutt those who attack you in melee.
You have a pair of horns on your head.


Message History

Unknown command.
Unknown command.
Unknown command.
Unknown command.
Unknown command.
Unknown command.
Attempting RANGED ATTACK TO (7,-4) Throwing (i - inventory. (,) - cycle):
j - a javelin of penetration (quivered)
Press: ? - help, Shift-Dir - straight line, f/p - orc
Aim: an orc, wielding a club (hasn't noticed you) Really fire at the helpless orc?
This attack would place you under penance!
Okay, then.
Unknown command.
Unknown command.
Unknown command.
Unknown command.
Unknown command.
Unknown command.
Infinite lua loop detected, aborting.
Are you sure you want to abandon this character and quit the game? (Confirm with "yes".)

###### #....# #....# ##
#....############... o
#.................###.#
##..............(...).#
####.####....###......
#.# ####..H....... ##.#
####(#.#### ##..## .#
##>...###.## ##
#...........
##..<.##.). ##..## ...
#### .. .


You could see an orc (wandering).

Table legend:
 A = Turns spent in this place as a percentage of turns spent in the entire game.
 B = Non-inter-level travel turns spent in this place as a percentage of non-inter-level travel turns spent in the entire game.
 C = Inter-level travel turns spent in this place as a percentage of turns spent in this place.
 D = Turns resting spent in this place as a percentage of non-inter-level travel turns spent in this place.
 E = Turns spent auto-exploring this place as a percentage of non-inter-level travel turns spent in this place.
 F = Non-inter-level travel turns spent in this place divided by the number of levels of this place that you've seen.
                   A       B       C       D       E      F
               +-------+-------+-------+-------+-------+----------------------
         Total | 100.0 | 100.0 |   0.1 |   0.2 |   0.8 | 3742.3
       Dungeon | 100.0 | 100.0 |   0.1 |   0.2 |   0.8 | 3742.3
               +-------+-------+-------+-------+-------+----------------------

Table legend:
 A = Kills in this place as a percentage of kills in entire the game.
 B = Kills by you in this place as a percentage of kills by you in the entire game.
 C = Kills by friends in this place as a percentage of kills by friends in the entire game.
 D = Other kills in this place as a percentage of other kills in the entire game.
 E = Experience gained in this place as a percentage of experience gained in the entire game.
 F = Experience gained in this place divided by the number of levels of this place that you have seen.
                   A       B       C       D       E      F
               +-------+-------+-------+-------+-------+----------------------
         Total | 100.0 | 100.0 |  -nan |  -nan | 100.0 |  79.0
       Dungeon | 100.0 | 100.0 |  -nan |  -nan | 100.0 |  79.0
               +-------+-------+-------+-------+-------+----------------------

Vanquished Creatures
  Jessica (D:2)
  A worker ant (D:3)
  4 gnolls (D:2)
  2 adders (D:2)
  An ooze (D:1)
  A worm (D:2)
  A giant gecko (D:2)
  4 giant cockroaches
  5 hobgoblins
  8 kobolds
  5 bats
  3 giant newts (D:1)
  10 goblins
  4 jackals (D:1)
  8 rats
  A spectral orc (D:2)
59 creatures vanquished.

Notes
Turn   | Place    | Note
--------------------------------------------------------------
     0 | D:1      | gw the Minotaur Fighter began the quest for the Orb.
     0 | D:1      | Reached XP level 1. HP: 19/19 MP: 0/0
   170 | D:1      | Reached XP level 2. HP: 16/27 MP: 1/1
   650 | D:1      | Reached XP level 3. HP: 33/33 MP: 2/2
   661 | D:1      | Reached skill level 1 in Throwing
   966 | D:2      | Noticed Jessica
   996 | D:2      | Killed Jessica
   996 | D:2      | Reached skill level 4 in Fighting
  1262 | D:2      | Reached XP level 4. HP: 38/40 MP: 3/3
  1611 | D:2      | Found a glowing golden altar of the Shining One.
  1618 | D:2      | Became a worshipper of the Shining One
  2020 | D:2      | Reached XP level 5. HP: 46/46 MP: 4/4
  2061 | D:2      | Found a basalt altar of Yredelemnul.
  2149 | D:3      | Quit the game

Action                   |  1- 3 |  4- 6 || total
-------------------------+-------+-------++-------
Melee: Flail             |    74 |    43 ||   117
Throw: Stone             |    92 |    24 ||   116
       Javelin           |       |     8 ||     8
  Use: Potion            |     1 |       ||     1
  Eat: Chunk             |     1 |     3 ||     4

Vault maps used:
D:1:      roderic_crossed_star
D:2:      nicolae_tso_carved_into_rock, yredelemnul_forgotten_temple_becter,
          first_bread, uniq_jessica
